 Dungeon Crawl Stone Soup version 0.23.0-33-g5e6c059 (webtiles) character file.

Game seed: 16783477678502928086

158 Fang the Skirmisher (level 5, -4/49 HPs)
             Began as a Gargoyle Berserker on Feb 26, 2019.
             Was a Believer of Trog.
             Killed by divine providence
             ... invoked by an orc priest
              (13 damage)
             ... on level 4 of the Dungeon.
             The game lasted 00:03:04 (2570 turns).

Fang the Skirmisher (Gargoyle Berserker)            Turns: 2570, Time: 00:03:04

Health: -4/49      AC: 10    Str: 27    XL:     5   Next: 40%
Magic:  5/5        EV: 11    Int:  7    God:    Trog [**....]
Gold:   207        SH:  4    Dex:  9    Spells: 4/4 levels left

rFire    . . .     SeeInvis .   a - +0 hand axe
rCold    . . .     Gourm    .   (no shield)
rNeg     + . .     Faith    .   q - +0 scale mail
rPois    ∞         Spirit   .   (no helmet)
rElec    +         Reflect  +   (no cloak)
rCorr    .         Harm     .   (no gloves)
MR       .....                  (no boots)
Stlth    ..........             k - +4 amulet of reflection
HPRegen  0.16/turn              (no ring)
MPRegen  0.09/turn              (no ring)

@: berserking (expiring), very quick
A: negative energy resistance 1, electricity resistance, unbreathing,
petrification resistance, rot immunity, AC +4
a: Berserk, Trog's Hand, Renounce Religion


You were on level 4 of the Dungeon.
You worshipped Trog.
Trog was pleased with you.
You were very hungry.

You visited 1 branch of the dungeon, and saw 4 of its levels.

You collected 207 gold pieces.

Inventory:

Hand Weapons
 a - a +0 hand axe (weapon)
Armour
 q - a +0 scale mail (worn)
Jewellery
 b - an uncursed ring of see invisible {unknown}
 k - a +4 amulet of reflection (around neck)
Wands
 t - a wand of flame (30)
Scrolls
 d - a scroll of fog {unknown}
 f - a scroll of noise {unknown}
 g - 2 scrolls of remove curse {unknown}
 i - a scroll of teleportation {unknown}
 m - a scroll of amnesia {unknown}
 o - 2 scrolls of identify {unknown}
Potions
 e - a potion of heal wounds {unknown}
 h - a potion of curing {unknown}
 j - a potion of might {unknown}
 l - a potion of mutation {unknown}
 n - a potion of haste
 p - a potion of agility {unknown}
 r - a potion of magic {unknown}
Comestibles
 c - 5 rations


   Skills:
 + Level 4.2 Fighting
 + Level 3.5 Axes
 + Level 3.5 Armour
 + Level 2.5 Dodging


You had 4 spell levels left.
You didn't know any spells.
Your spell library was empty.

Dungeon Overview and Level Annotations

Branches:
Dungeon (4/15)
 Temple: D:4-7

Altars:
Fedhas
Hepliaklqana
Okawaru
Sif Muna
Vehumet
The Shining One

Annotations:
D:4 Grinder


Innate Abilities, Weirdness & Mutations

You are resistant to torment.
Your stone body is resilient. (AC +4)
You are immune to poison.
You resist negative energy. (rN+)
You are resistant to electric shocks. (rElec)
You can survive without breathing.
You are immune to petrification.
You are immune to rotting.


Message History

Grinder hits you but does no damage.
You hit Grinder.
Grinder is lightly wounded.
You closely miss something. Something hits you but does no damage.
Grinder gestures at you. You resist with significant effort.
Something hits you but does no damage.
You slash Grinder!
Grinder is heavily wounded.
You closely miss something. Something hits you but does no damage.
Grinder barely misses you.
You closely miss Grinder.
Grinder is heavily wounded.
You barely miss something. Something hits you but does no damage.
Grinder hits you but does no damage.
You hit Grinder.
Grinder is heavily wounded.
You slash something! You block something's attack.
The orc priest mumbles some strange prayers to Beogh against you.
Beogh smites you!
You die...

...##.##..##.##.####.##
####
#.....##.......)..#
####....###.####.#
##.#.###.# #.......##
.#.......#####
#..####.>...#
#..####.....# #
#@.......#
......{5##.....#
...#...o##.....#
#.......#####
......#### ≈..#....
.≈..#.... .≈≈ ....#


You could see Grinder and an orc priest.

Vanquished Creatures
  An orc priest (D:3)
  A worker ant (D:4)
  3 adders
  3 dart slugs
  6 orcs
  3 ball pythons
  4 giant cockroaches
  6 goblins
  7 hobgoblins
  2 jackals (D:4)
  6 kobolds
  2 quokkas
  9 bats
  3 frilled lizards
  10 rats
66 creatures vanquished.

Notes
Turn   | Place    | Note
-------+----------+-------------------------------------------
     0 | D:1      | Fang the Gargoyle Berserker began the quest for the Orb.
     0 | D:1      | Reached XP level 1. HP: 14/14 MP: 1/1
    69 | D:1      | Reached XP level 2. HP: 16/19 MP: 2/2
   484 | D:1      | Reached XP level 3. HP: 23/23 MP: 3/3
   531 | D:1      | Reached ** piety under Trog
   818 | D:2      | Found a glowing golden altar of the Shining One.
  1157 | D:2      | Found an iron altar of Okawaru.
  1160 | D:2      | Found a blossoming altar of Fedhas.
  1163 | D:2      | Found a hazy altar of Hepliaklqana.
  1702 | D:3      | Reached XP level 4. HP: 29/29 MP: 4/4
  1829 | D:3      | Found a blossoming altar of Fedhas.
  2035 | D:3      | Reached skill level 4 in Fighting
  2062 | D:3      | Found a deep blue altar of Sif Muna.
  2104 | D:3      | Reached XP level 5. HP: 17/33 MP: 5/5
  2520 | D:4      | Found a radiant altar of Vehumet.
  2553 | D:4      | Noticed Grinder
  2570 | D:4      | Killed from afar by an orc priest

Skill      XL: |  1  2  3  4 |
---------------+-------------+-----
Axes           | 3 |  3.5
Dodging        | 2 |  2.5
Armour         | 3 |  3.5
Fighting       | 4 |  4.2

Action                   |  1- 3 |  4- 6 || total
-------------------------+-------+-------++-------
Melee: Hand axe          |   102 |    99 ||   201
Invok: Berserk           |       |     2 ||     2
  Eat: Chunk             |     2 |     4 ||     6
Armor: Animal skin       |    44 |       ||    44
       Scale mail        |       |    54 ||    54
Dodge: Dodged            |    94 |    56 ||   150
Block: Other             |     1 |    16 ||    17
